 Dungeon Crawl Stone Soup version 0.29-a0-284-gf9362112df (webtiles) character file.

Game seed: 12757695873921832812

32 dolemite99 the Chopper (level 3, -2/46 HPs)
             Began as a Hill Orc Fighter on Mar 20, 2022.
             Was a Follower of Trog.
             Slain by a gnoll
             ... wielding a +0 flail
              (6 damage)
             ... on level 2 of the Dungeon.
             The game lasted 00:01:16 (1296 turns).

dolemite99 the Chopper (Hill Orc Fighter)           Turns: 1296, Time: 00:01:17

Health: -2/46      AC:  8    Str: 20    XL:     3   Next: 25%
Magic:  3/3        EV:  9    Int:  8    God:    Trog [*.....]
Gold:   42         SH:  4    Dex: 10    Spells: 2/2 levels left

rFire   . . .      SeeInvis .   a - +0 war axe
rCold   . . .      Faith    .   c - +0 buckler
rNeg    . . .      Spirit   .   b - +0 scale mail
rPois   .          Reflect  .   (no helmet)
rElec   .          Harm     .   (no cloak)
rCorr   .          Rampage  .   (no gloves)
Will    .....                   o - +0 pair of boots
Stlth   ..........              (no amulet)
HPRegen 0.15/turn               (no ring)
MPRegen 0.08/turn               (no ring)

@: mighty, berserking, very quick
A: no striking features
a: Renounce Religion, Berserk


You were on level 2 of the Dungeon.
You worshipped Trog.
Trog was aware of your devotion.
You visited 1 branch of the dungeon, and saw 2 of its levels.

You collected 42 gold pieces.

Inventory:

Hand Weapons
 a - a +0 war axe (weapon)
Missiles
 j - 45 stones (quivered)
Armour
 b - a +0 scale mail (worn)
 c - a +0 buckler (worn)
 o - a +0 pair of boots (worn)
Jewellery
 p - a ring of protection from cold
Scrolls
 g - a scroll of noise {unknown}
 h - a scroll of acquirement {unknown}
 i - a scroll of summoning {unknown}
 l - a scroll of fear {unknown}
 m - a scroll of silence {unknown}
 n - a scroll of teleportation {unknown}
Potions
 d - a potion of might
 e - 2 potions of haste {unknown}
 f - a potion of berserk rage {unknown}
 k - a potion of degeneration {unknown}
 q - a potion of curing {unknown}


   Skills:
 - Level 3.6 Fighting
 + Level 4.8 Axes
 - Level 3.2 Armour
 - Level 3.2 Shields


You had 2 spell levels left.
You didn't know any spells.
Your spell library was empty.

Dungeon Overview and Level Annotations

Branches:
Dungeon (2/15)

Altars:
Trog

Shops:
D:1 !


Message History

A gnoll comes into view. It is wielding a +0 halberd.
The gnoll shouts!
You throw a stone.
The stone hits the gnoll but does no damage.
A gnoll comes into view. It is wielding a +0 flail.
The gnoll shouts!
A gnoll comes into view. It is wielding a +0 flail.
A gnoll comes into view. It is wielding a +0 spear.
The gnoll barely misses you.
The gnoll shouts!
The gnoll hits you with a +0 halberd.
You feel very mighty all of a sudden. You block the gnoll's attack.
You barely miss the gnoll. The gnoll hits you with a +0 halberd!
Ouch! That really hurt!
You slash the gnoll!
The gnoll is heavily wounded.
The gnoll hits you but does no damage. The gnoll hits you with a +0 halberd.
* * * LOW HITPOINT WARNING * * *
You slash the gnoll!
You kill the gnoll!
Trog accepts your kill.
You have reached level 3!
Your experience leads to an increase in your attributes!
Increase (S)trength, (I)ntelligence, or (D)exterity?
You feel stronger. x2
A red film seems to cover your vision as you go berserk!
You feel yourself moving faster!
You feel mighty! You block the gnoll's attack. The gnoll barely misses you.
You closely miss the gnoll. The gnoll closely misses you. x2
You barely miss the gnoll. The gnoll hits you but does no damage.
The gnoll hits you from afar with a +0 spear.
* * * LOW HITPOINT WARNING * * *
You closely miss the gnoll. The gnoll hits you but does no damage.
The gnoll closely misses you.
You closely miss the gnoll.
The gnoll hits you from afar with a +0 spear.
* * * LOW HITPOINT WARNING * * *
The gnoll hits you with a +0 flail.
You die...

# ########..#
##...###.## #
..........###..........
#
#########........######
#######.## ##...##
##.....## ##.......##
.###########.........#
....ggg@.............#
############.........#
##.......#### ########
##.......... .......#
####...##.### ######.#
#.....###.# #.# #.#####
#.### #.# #.# #....
######.# #.# #.###


You could see 3 gnolls.

Vanquished Creatures
  A gnoll (D:2)
  A dart slug (D:1)
  2 endoplasms (D:1)
  2 giant cockroaches (D:1)
  2 hobgoblins (D:1)
  A kobold (D:1)
  A quokka (D:1)
  3 ball pythons
  2 bats
  A frilled lizard (D:1)
  3 rats (D:1)
19 creatures vanquished.

Notes
Turn   | Place    | Note
-------+----------+-------------------------------------------
     0 | D:1      | dolemite99 the Hill Orc Fighter began the quest for the
                  | Orb.
     0 | D:1      | Reached XP level 1. HP: 19/19 MP: 1/1
    20 | D:1      | Reached skill level 3 in Axes
   250 | D:1      | Reached XP level 2. HP: 19/26 MP: 2/2
   441 | D:1      | Reached skill level 4 in Axes
   764 | D:1      | Found Comeoxaxougg's Distillery.
   995 | D:2      | Found a faded altar of an unknown god.
  1045 | D:2      | Prayed at the altar of an unknown god.
  1045 | D:2      | Became a worshipper of Trog the Wrathful
  1045 | D:2      | Reached * piety under Trog
  1062 | D:2      | Identified the +9 dagger "Iffomaev" {venom, MP+9 Dex+4}
  1292 | D:2      | Reached XP level 3. HP: 9/31 MP: 3/3
  1296 | D:2      | Slain by a gnoll

Illustrated notes

Levels and vault maps discovered:
D:1:      amcnicky_arrival_underground_garden, layout_basic, serial_shops, shop
D:2:      minmay_roachtagon, layout_loops_ring,
          ebering_ecumenical_altar_petrified

Skill      XL: |  1  2 |
---------------+-------+-----
Axes           | 3 4 |  4.8
Fighting       | |  3.6
Armour         | |  3.2
Shields        | |  3.2

Action                   || total
-------------------------++-------
Melee: War axe           ||    41
Throw: Stone             ||    21
Invok: Berserk           ||     1
  Use: Potion            ||     1
Armor: Scale mail        ||    19
Dodge: Dodged            ||    18
Block: Buckler           ||     6

Table legend: (Time is in decaauts)
 A = Elapsed time spent in this place.
 B = Non-inter-level travel time spent in this place.
 C = Inter-level travel time spent in this place.
 D = Time resting spent in this place.
 E = Time spent auto-exploring this place.
 F = Levels seen in this place.
 G = Mean time per level.
                   A        B        C        D        E       F      G
               +--------+--------+--------+--------+--------+-----+--------+
         Total |   1311 |   1191 |    120 |    175 |    819 |   2 |  655.5 |
       Dungeon |   1311 |   1191 |    120 |    175 |    819 |   2 |  655.5 |
               +--------+--------+--------+--------+--------+-----+--------+

Top non-repeatable levels by time:
     D:1: 963 daAuts
     D:2: 347 daAuts
